 Dungeon Crawl Stone Soup version 0.31-a0-344-gd109795599 (webtiles) character file.

Game seed: 3731814383075971557

1639 Unicron the Protected (level 8, 0/71 HPs)
             Began as a Minotaur Fighter on July 20, 2023.
             Succumbed to a water moccasin's poison
             ... on level 6 of the Dungeon on July 21, 2023.
             The game lasted 00:49:54 (5442 turns).

Unicron the Protected (Minotaur Fighter)            Turns: 5442, Time: 00:49:55

Health: 0/71       AC: 11    Str: 24    XL:     8   Next: 66%
Magic:  7/7        EV:  9    Int:  5    God:
Gold:   179        SH:  4    Dex:  9    Spells: 7/7 levels left

rFire   . . .        x - +0 flail
rCold   . . .        c - +0 buckler
rNeg    . . .        M - +0 chain mail
rPois   .            (helmet currently unavailable)
rElec   .            (cloak currently unavailable)
rCorr   .            (gloves currently unavailable)
SInv    .            (boots currently unavailable)
Will    +....        (no amulet) Stlth
                     K - ring of willpower
HPRegen 0.31/turn    (no ring)
MPRegen 0.10/turn

%: no passive effects
@: lethally poisoned (0 -> -9), beast-form
A: beast (slay +0), horns 2, retaliatory headbutt
a: Begin Untransformation


You were on level 6 of the Dungeon.
You were a hulking beast.
You visited 1 branch of the dungeon, and saw 6 of its levels.

You collected 179 gold pieces.

Inventory:

Hand Weapons
 a - a +1 long sword
 g - a +4 short sword
 i - a +0 flail
 k - a +3 quarterstaff of chaos
 n - a +0 halberd
 o - a +0 trident
 q - a +4 long sword
 r - a +3 mace
 v - a +0 whip
 x - a +0 flail (weapon)
Missiles
 e - a boomerang of dispersal
 h - 31 stones
 p - a throwing net
 R - 2 poisoned darts
Armour
 c - a +0 buckler (worn)
 M - a +0 chain mail (worn)
Magical Staves
 S - a staff of conjuration
Jewellery
 K - a ring of willpower (left hand)
Talismans
 m - a beast talisman
Wands
 U - a wand of charming (3)
Scrolls
 b - a scroll of teleportation
 j - 3 scrolls of identify
 s - a scroll of fear
 t - a scroll of noise
 u - a scroll of vulnerability
Potions
 d - 2 potions of might
 f - a potion of lignification


   Skills:
 + Level 6.4 Fighting
 + Level 4.4 Long Blades
 + Level 6.0 Maces & Flails
 + Level 2.2 Throwing
 + Level 8.4 Armour
 + Level 2.4 Dodging
 + Level 0.9 Stealth
 + Level 5.0 Shields
 + Level 0.1 Evocations


You had 7 spell levels left.
You didn't know any spells.
Your spell library contained the following spells:

 Spells                   Type           Power      Damage    Failure   Level
 Sublimation of Blood     Necr           0%         N/A       99%         2
 Wereblood                Tmut           0%         N/A       99%         2
 Summon Hydra             Summ           0%         N/A       100%        7


Dungeon Overview and Level Annotations

Branches:
Dungeon (6/15)
 Temple: D:4-7

Altars:
Xom

Shops:
D:5 (

Annotations:
D:3 Natasha
D:6 2 runed translucent doors


Innate Abilities, Weirdness & Mutations

You are a hulking beast.
Your limbs bulge with bestial killing power. (Slay +0)
You have a pair of horns on your head.
You reflexively headbutt those who attack you in melee.


Message History

The scorpion is almost dead.
The scorpion stings you but does no damage.
The scorpion stings you.
* * * LOW HITPOINT WARNING * * *
You barely miss the scorpion. Your headbutt misses the scorpion.
The scorpion is almost dead.
The scorpion stings you but does no damage.
You closely miss the scorpion. You headbutt the scorpion.
You kill the scorpion!
The water moccasin closely misses you. You furiously retaliate!
You headbutt the water moccasin.
Your Maces & Flails skill increases to level 6!
You closely miss the water moccasin.
The water moccasin is lightly wounded.
The water moccasin misses you. You block the water moccasin's attack.
You closely miss the water moccasin.
The water moccasin is lightly wounded.
The water moccasin hisses angrily.
The water moccasin bites you.
* * * LOW HITPOINT WARNING * * *
You thump the water moccasin!
The water moccasin is severely wounded.
The water moccasin bites you but does no damage.
The water moccasin closely misses you.
You closely miss the water moccasin.
The water moccasin is severely wounded.
The water moccasin bites you.
* * * LOW HITPOINT WARNING * * *
You are lethally poisoned!
The water moccasin poisons you!
Aiming: Charm
Press: ? - help, Shift-Dir - straight line, f - water moccasin
Aim: a water moccasin (severely wounded, chance to affect: 49%)
The water moccasin is charmed.
* * * LOW HITPOINT WARNING * * *
You feel very sick.
A redback comes into view.
The scorpion stings your water moccasin.
The redback moves out of view.
You die...

.. .. .# ...#
##### . ....#
##....
.##.....#
#+....
........#
#...s
##.#..... ...
#.#...
.yy###'###..#


yyy#(!SsS.h.# .yy###S###.># ##.S..s#..+ #....s##..# #+.... #...# ##....##...#
######....# ..........# .<..#.....# You could see a water moccasin, a scorpion,
an adder and a friendly water moccasin (charmed).

Vanquished Creatures
  3 redbacks (D:6)
  2 water moccasins (D:6)
  A black bear (D:5)
  A phantom (D:6)
  3 scorpions
  A gnoll sergeant (D:6)
  3 wights (D:5)
  2 hounds (D:5)
  2 jellies
  Crazy Yiuf (D:4)
  Jessica (D:3)
  2 iguanas (D:4)
  An orc wizard (D:4)
  Natasha (twice) (D:3)
  4 adders
  6 gnolls
  2 worms (D:3)
  3 dart slugs
  7 orcs (D:4)
  9 endoplasms
  4 giant cockroaches
  4 hobgoblins
  6 jackals (D:3)
  4 quokkas
  3 training dummies (D:5)
  7 ball pythons
  5 frilled lizards
  6 goblins
  8 kobolds
  7 rats
110 creatures vanquished.

Vanquished Creatures (others)
  An orc wizard (D:4)
1 creature vanquished.

Grand Total: 111 creatures vanquished

Notes
Turn   | Place    | Note
-------+----------+-------------------------------------------
     0 | D:1      | Unicron the Minotaur Fighter began the quest for the Orb.
     0 | D:1      | Reached XP level 1. HP: 19/19 MP: 0/0
   322 | D:1      | Reached XP level 2. HP: 27/27 MP: 1/1
   968 | D:1      | Reached skill level 4 in Armour
  1152 | D:2      | Reached XP level 3. HP: 29/33 MP: 2/2
  1446 | D:2      | Reached skill level 1 in Dodging
  1460 | D:2      | Found a shimmering altar of Xom.
  2569 | D:3      | Noticed Jessica
  2573 | D:3      | Killed Jessica
  2574 | D:3      | Reached XP level 4. HP: 41/41 MP: 3/3
  3272 | D:3      | Noticed Natasha
  3278 | D:3      | Killed Natasha
  3443 | D:3      | Reached XP level 5. HP: 37/47 MP: 4/4
  3448 | D:3      | Noticed Natasha
  3462 | D:3      | Killed Natasha
  3463 | D:3      | Reached skill level 1 in Maces & Flails
  3565 | D:3      | Noticed Natasha
  3642 | D:4      | Reached skill level 5 in Armour
  3844 | D:4      | Reached XP level 6. HP: 32/53 MP: 5/5
  3899 | D:4      | Found a runed translucent door.
  3900 | D:4      | Noticed Crazy Yiuf
  3904 | D:4      | Killed Crazy Yiuf
  4442 | D:5      | Entered Level 5 of the Dungeon
  4518 | D:5      | Found Ynil's Firing Range.
  4527 | D:5      | Reached skill level 5 in Fighting
  4527 | D:5      | Reached XP level 7. HP: 40/61 MP: 6/6
  4544 | D:5      | Reached skill level 6 in Armour
  4850 | D:5      | Reached skill level 5 in Maces & Flails
  4899 | D:5      | You fall into a shaft and drop 1 floor!
  5361 | D:6      | Found a runed translucent door.
  5363 | D:6      | Upgraded the game from 0.31-a0-339-gda1cbd555d to
                  | 0.31-a0-344-gd109795599
  5369 | D:6      | Found a runed translucent gate.
  5371 | D:6      | Found a runed translucent gate.
  5371 | D:6      | Found a runed translucent gate.
  5380 | D:6      | Found a runed translucent door.
  5381 | D:6      | Noticed a redback
  5381 | D:6      | Noticed a redback
  5381 | D:6      | Noticed a redback
  5392 | D:6      | Killed a redback
  5393 | D:6      | Reached skill level 1 in Throwing
  5393 | D:6      | Reached skill level 7 in Armour
  5393 | D:6      | Reached XP level 8. HP: 56/70 MP: 7/7
  5425 | D:6      | Reached skill level 8 in Armour
  5425 | D:6      | Reached skill level 5 in Shields
  5441 | D:6      | HP: 3/71 [poisoned by a water moccasin]
  5442 | D:6      | Succumbed to a water moccasin's poison

Illustrated notes

Levels and vault maps discovered:
D:1:      mrwooster_arrival_statue_2, layout_basic, minmay_pentomino_w4
D:2:      layout_loops_ring, basic_altar, grunt_ministairs_7, patterned_corridor
D:3:      layout_basic, minmay_misc_feat_nine_boxes, uniq_jessica, uniq_natasha
D:4:      layout_loops_ring, kennysheep_generic_room_4, uniq_crazy_yiuf_cottage
D:5:      layout_loops_ring, makhleb_blood_cavern_becter,
          minmay_temple_entry_statues_fountains, ebering_ghost_reflecting_pool,
          nicolae_shop_firing_range
D:6:      layout_gridville, kennysheep_cross_room,
          minmay_guarded_unrand_staff_of_olgreb

Skill      XL: |  1  2  3  4  5  6  7  8 |
---------------+-------------------------+-----
Shields        | 4 5 |  5.0
Fighting       | 4 5 6 |  6.4
Long Blades    | 3 4 |  4.4
Armour         | 4 5 7 8 |  8.4
Dodging        | 1 2 |  2.4
Maces & Flails | 2 4 5 6 |  6.0
Throwing       | 1 2 |  2.2
Stealth        | |  0.9
Evocations     | |  0.1

Action                     |  1- 3 |  4- 6 |  7- 9 || total
---------------------------+-------+-------+-------++-------
  Melee: Long sword        |    78 |     1 |    17 ||    96
         Headbutt          |    14 |    23 |    16 ||    53
         Flail             |     6 |   137 |    53 ||   196
         Mace              |       |       |    18 ||    18
  Throw: Boomerang         |       |     4 |     1 ||     5
         Stone             |       |       |    22 ||    22
         Javelin           |       |       |     2 ||     2
         Throwing net      |       |       |     1 ||     1
  Evoke: Wand              |       |       |     2 ||     2
    Use: Scroll            |     1 |     6 |     3 ||    10
         Potion            |       |     2 |     4 ||     6
 Armour: Scale mail        |    44 |     4 |       ||    48
         Chain mail        |       |    58 |    27 ||    85
         Skin              |       |       |    24 ||    24
  Dodge: Dodged            |    36 |    45 |    32 ||   113
  Block: Buckler           |    21 |    35 |    28 ||    84
   Form: Beast             |       |       |     1 ||     1

Table legend: (Time is in decaauts)
 A = Elapsed time spent in this place.
 B = Non-inter-level travel time spent in this place.
 C = Inter-level travel time spent in this place.
 D = Time resting spent in this place.
 E = Time spent auto-exploring this place.
 F = Levels seen in this place.
 G = Mean time per level.
                   A        B        C        D        E       F      G
               +--------+--------+--------+--------+--------+-----+--------+
         Total |   5529 |   5527 |      2 |   2019 |     41 |   6 |  921.5 |
       Dungeon |   5529 |   5527 |      2 |   2019 |     41 |   6 |  921.5 |
               +--------+--------+--------+--------+--------+-----+--------+

Top non-repeatable levels by time:
     D:2: 1431 daAuts
     D:1: 1160 daAuts
     D:3: 1066 daAuts
     D:4: 852 daAuts
     D:6: 554 daAuts
     D:5: 465 daAuts
